 Dungeon Crawl Stone Soup version 0.31-a0-1036-g31867e143a (webtiles) character file.

Game seed: 17567191478023584943

2223 Conn the Conjurer (level 9, -4/52 HPs)
             Began as an Octopode Fire Elementalist on Nov 19, 2023.
             Was a Follower of Sif Muna.
             Constricted to death by Joseph (10 damage)
             ... on level 8 of the Dungeon.
             The game lasted 00:14:51 (6847 turns).

Conn the Conjurer (Octopode Fire Elementalist)      Turns: 6847, Time: 00:14:52

Health: -4/52      AC:  1    Str: 19    XL:     9   Next: 35%
Magic:  8/17       EV: 11    Int: 22    God:    Sif Muna [*.....]
Gold:   254        SH:  5    Dex: 12    Spells: 2/19 levels left

rFire   . . .        x - +1 great sword "Riesaid" {spect, rN+ Str+6}
rCold   . . .        (shield currently unavailable)
rNeg    + . .        (helmet restricted)
rPois   .            j - amulet of reflection
rElec   .            c - +6 ring of strength
rCorr   .            A - ring of willpower
SInv    .            (no ring)
Will    +....        (no ring)
Stlth   ++++         (no ring)
HPRegen 0.28/turn    (no ring)
MPRegen 0.15/turn    (no ring)
                     (no ring)

%: reflection
@: grasped by roots, constricted
A: almost no armour, amphibious, 8 rings, camouflage 1, gelatinous body 1,
(nimble swimmer 1), tentacles
a: Renounce Religion, Channel Magic


You were on level 8 of the Dungeon.
You worshipped Sif Muna.
Sif Muna was aware of your devotion.
You visited 2 branches of the dungeon, and saw 9 of its levels.

You collected 287 gold pieces.
You spent 33 gold pieces at shops.

Inventory:

Hand Weapons
 p - a +0 short sword
 u - a +1 dagger of draining
 x - the +1 great sword "Riesaid" (weapon) {spect, rN+ Str+6}
   (You found it on level 5 of the Dungeon)

   Str+6:     It affects your strength (+6).
   rN+:       It protects you from negative energy.
Jewellery
 c - a +6 ring of strength (left tentacle)
 j - an amulet of reflection (around mantle)
 A - a ring of willpower (right tentacle)
 C - an amulet of magic regeneration
Wands
 t - a wand of flame (25)
 y - a wand of polymorph (21)
Scrolls
 b - 3 scrolls of teleportation
 d - a scroll of revelation
 f - a scroll of enchant weapon {unknown}
 k - a scroll of fear
 l - 2 scrolls of blinking {unknown}
 n - 2 scrolls of amnesia
 q - a scroll of poison {unknown}
 r - a scroll of noise {unknown}
 w - a scroll of brand weapon {unknown}
 z - a scroll of immolation {unknown}
Potions
 a - a potion of magic
 e - a potion of resistance
 h - 2 potions of heal wounds {unknown}
 i - a potion of berserk rage
 m - 2 potions of attraction {unknown}
 o - 3 potions of curing
 s - 2 potions of haste {unknown}
 v - 2 potions of brilliance {unknown}
 B - a potion of cancellation {unknown}


   Skills:
 + Level 0.8 Fighting
 + Level 0.8 Long Blades
 + Level 5.1 Dodging
 - Level 5.4 Stealth
 * Level 5.6 Spellcasting
 * Level 5.8 Conjurations
 + Level 3.1 Hexes
 + Level 1.1 Translocations
 + Level 5.5 Fire Magic
 + Level 1.0 Air Magic
 * Level 2.0 Invocations


You had 2 spell levels left.
You knew the following spells:

 Your Spells              Type           Power      Damage    Failure   Level
a - Foxfire               Conj/Fire      100%       2x1d9     1%          1
b - Scorch                Fire           60%        2d7       1%          2
c - Inner Flame           Hex/Fire       25%        N/A       4%          3
d - Flame Wave            Conj/Fire      31%        2d9       9%          4
e - Swiftness             Air            10%        N/A       19%         3
f - Iskenderun's Mystic   Conj/Tloc      21%        2d6       22%         4

Your spell library contained the following spells:

 Spells                   Type           Power      Damage    Failure   Level
 Magic Dart               Conj           100%       1d8       1%          1
 Searing Ray              Conj           62%        2d6       1%          2
 Shock                    Conj/Air       84%        1d8       2%          1
 Tukima's Dance           Hex            19%        N/A       8%          3
 Volatile Blastmotes      Fire/Tloc      40%        2d13      8%          3
 Sticky Flame             Conj/Fire      31%        2d5       9%          4
 Fulminant Prism          Conj/Hex       12%        3d8       16%         4
 Passage of Golubria      Tloc           11%        N/A       52%         4
 Airstrike                Air            5%         2d(1-17)  54%         4
 Yara's Violent Unravell  Hex/Tmut       6%         3d5       80%         5


Dungeon Overview and Level Annotations

Branches:
Dungeon (8/15)             Temple (1/1) D:4
   Lair: D:8-11

Altars:
Ashenzari
Cheibriados
Dithmenos
Elyvilon
Gozag
Hepliaklqana
Kikubaaqudgha
Makhleb
Nemelex Xobeh
Okawaru
Qazlal
Ru
Sif Muna
Trog
Uskayaw
Vehumet
Wu Jian
Xom
Yredelemnul
Zin
The Shining One

Shops:
D:2 ?(   D:3 ?

Annotations:
D:8 Joseph


Innate Abilities, Weirdness & Mutations

You cannot wear most types of armour.
You are amphibious.
You can wear up to eight rings at the same time.
Your skin changes colour to match your surroundings (Stealth+).
Your rubbery body absorbs attacks. (AC +1, EV +1)
((You are camouflaged when in or above water. (Stealth+)))
You have tentacles for arms and can constrict up to eight enemies at once.


Message History

Your butterfly is engulfed in blazing flames.
You kill your butterfly!
Your butterfly disappears in a burst of colours!
Your butterfly is engulfed in blazing flames.
You kill your butterfly!
Your butterfly disappears in a burst of colours!
Your butterfly is engulfed in blazing flames.
You kill your butterfly!
Your butterfly disappears in a burst of colours!
Joseph says, "It's nothing personal, but I have to kill you."
Joseph unwields a +0 quarterstaff.
Joseph wields a +0 sling.
Joseph shoots a sling bullet.
The sling bullet hits you!
* * * LOW HITPOINT WARNING * * *
The grasping roots constrict you.
* * * LOW HITPOINT WARNING * * *
Your butterfly is engulfed in blazing flames.
You kill your butterfly!
Your butterfly disappears in a burst of colours!
Your butterfly is engulfed in blazing flames.
You kill your butterfly!
Your butterfly disappears in a burst of colours!
Your butterfly is engulfed in blazing flames.
You kill your butterfly!
Your butterfly disappears in a burst of colours!
Okay, then.
Unknown command.
As you read the scroll of fear, it crumbles to dust.
You assume a fearsome visage.
Joseph looks frightened!
The orc looks frightened!
The wight is unaffected.
The orc looks frightened!
Your butterfly is engulfed in blazing flames.
You kill your butterfly!
Your butterfly disappears in a burst of colours!
Your butterfly is engulfed in blazing flames.
You kill your butterfly!
Your butterfly disappears in a burst of colours!
Your butterfly is engulfed in blazing flames.
You kill your butterfly!
Your butterfly disappears in a burst of colours!
The grasping roots constrict you!
You die...

#.. ##.. #
....
##.####..
.........
.#....b.#
....b..o#
#..zb§§@#
...b§§§.#
....§§§..
.......o?.
##@...b..b.
#####......
#....b..
#........


You could see Joseph (fleeing, ally target), a wight and 2 orcs.

Vanquished Creatures
  Sigmund (D:3)
  Menkaure (D:4)
  2 ice beasts
  A sky beast (D:7)
  A centaur (D:5)
  An ogre (D:7)
  2 phantoms
  4 scorpions
  9 wights
  A jelly (D:4)
  A hound (D:4)
  A gnoll bouda (D:5)
  3 orc priests (D:4)
  3 sleepcaps
  3 orc wizards (D:7)
  Ijyb (D:4)
  2 iguanas (D:5)
  5 gnolls (D:5)
  6 adders
  3 white imps
  2 ufetubi (D:6)
  4 dart slugs
  13 orcs
  4 ball pythons
  11 endoplasms
  8 giant cockroaches
  2 hobgoblins
  6 jackals
  7 quokkas
  6 bats
  2 frilled lizards
  8 goblins
  7 kobolds
  4 rats
135 creatures vanquished.

Vanquished Creatures (others)
  343 foxfires
  A spectral weapon (D:7)
344 creatures vanquished.

Grand Total: 479 creatures vanquished

Notes
Turn   | Place    | Note
-------+----------+-------------------------------------------
     0 | D:1      | Conn the Octopode Fire Elementalist began the quest for the
                  | Orb.
     0 | D:1      | Reached XP level 1. HP: 11/11 MP: 3/3
   236 | D:1      | Reached XP level 2. HP: 17/17 MP: 5/5
   801 | D:1      | Reached XP level 3. HP: 17/21 MP: 6/6
   903 | D:2      | Found a faded altar of an unknown god.
  1154 | D:2      | Reached XP level 4. HP: 27/27 MP: 1/7
  1594 | D:2      | Found Xyikamuk's Weapon Emporium.
  1718 | D:2      | Found Ologidij's Magic Scroll Emporium.
  1721 | D:2      | Bought a scroll of teleportation for 33 gold pieces
  2184 | D:3      | Noticed Sigmund
  2199 | D:3      | Killed Sigmund
  2200 | D:3      | Reached XP level 5. HP: 23/31 MP: 0/9
  2200 | D:3      | Reached XP level 6. HP: 27/36 MP: 0/10
  2589 | D:3      | Found The Oracle's Delphic Readings.
  2802 | D:4      | Noticed Menkaure
  2814 | D:4      | Killed Menkaure
  2815 | D:4      | Reached skill level 5 in Stealth
  2989 | D:4      | Reached XP level 7. HP: 41/41 MP: 7/12
  3223 | D:4      | Noticed Ijyb
  3344 | D:4      | Learned a level 2 spell: Scorch
  3348 | D:4      | Learned a level 3 spell: Inner Flame
  3353 | D:4      | Learned a level 4 spell: Flame Wave
  3370 | D:4      | Killed Ijyb
  3471 | D:4      | You fall into a shaft and drop 1 floor!
  3471 | D:5      | Entered Level 5 of the Dungeon
  3555 | D:4      | Found a staircase to the Ecumenical Temple.
  3564 | Temple   | Entered the Ecumenical Temple
  3607 | Temple   | Became a worshipper of Sif Muna the Loreminder
  4095 | D:5      | Reached skill level 1 in Hexes
  4242 | D:5      | Reached XP level 8. HP: 46/46 MP: 3/14
  4251 | D:5      | Learned a level 3 spell: Swiftness
  4417 | D:5      | Identified the +1 great sword "Riesaid" {spect, rN+ Str+6}
  4557 | D:5      | Reached skill level 5 in Fire Magic
  4903 | D:6      | Reached skill level 5 in Conjurations
  5148 | D:6      | Reached * piety under Sif Muna
  5629 | D:6      | Reached skill level 5 in Spellcasting
  5764 | D:6      | Found a sacrificial altar of Ru.
  5767 | D:6      | Found a stormy altar of Qazlal.
  5767 | D:6      | Found a hide-covered altar of Uskayaw.
  5767 | D:6      | Found a white marble altar of Elyvilon.
  6067 | D:6      | Identified a scroll of acquirement
  6068 | D:6      | Acquired a book of Blasting
  6075 | D:6      | Learned a level 4 spell: Iskenderun's Mystic Blast
  6107 | D:7      | Reached XP level 9. HP: 51/51 MP: 15/17
  6298 | D:7      | Reached skill level 5 in Dodging
  6421 | D:7      | Reached skill level 1 in Invocations
  6586 | D:7      | Reached skill level 1 in Translocations
  6814 | D:7      | Reached skill level 1 in Air Magic
  6842 | D:8      | Noticed Joseph
  6847 | D:8      | Constricted to death by Joseph

Illustrated notes

Levels and vault maps discovered:
D:1:      minmay_arrival_loop, layout_loops_cross, chequers_decorated_corner,
          minmay_misc_feat_nine_boxes
D:2:      layout_loops_ring, serial_shops, shop, nicolae_shop_trees,
          nicolae_ecumenical_pavilion
D:3:      layout_rooms, nicolae_nh_oracle_at_delphi, uniq_sigmund
D:4:      layout_cave_pools, minmay_temple_entry_steel_oval,
          minmay_misc_feat_tower, uniq_ijyb, uniq_menkaure
D:5:      layout_loops_ring
D:6:      layout_basic, chequers_temple_overflow_statue_of_worship
D:7:      layout_cave_pods
D:8:      layout_rooms, enter_ossuary_5, uniq_grum, uniq_joseph
Temple:   bh_familiar_temple

Skill      XL: |  1  2  3  4  5  6  7  8  9 |
---------------+----------------------------+-----
Stealth        | 3 4 5 |  5.4
Conjurations   | 2 3 4 5 |  5.8
Dodging        | 3 4 5 |  5.1
Spellcasting   | 3 4 5 |  5.6
Fire Magic     | 4 5 |  5.5
Hexes          | 1 2 3 |  3.1
Invocations    | 2 |  2.0
Translocations | 1 |  1.1
Air Magic      | 1 |  1.0
Fighting       | |  0.8
Long Blades    | |  0.8

Action                     |  1- 3 |  4- 6 |  7- 9 || total
---------------------------+-------+-------+-------++-------
  Melee: Dagger            |    56 |     9 |    10 ||    75
         Constrict         |    12 |     5 |    11 ||    28
         Tentacles         |    10 |     6 |     9 ||    25
         Short sword       |       |    25 |     9 ||    34
         Punch             |       |     1 |       ||     1
         Great sword       |       |       |    29 ||    29
   Cast: Foxfire           |    31 |    74 |   105 ||   210
         Inner Flame       |       |       |     9 ||     9
         Scorch            |       |       |    21 ||    21
         Iskenderun's Myst |       |       |     1 ||     1
         Flame Wave        |       |       |     1 ||     1
  Evoke: Wand              |       |       |     1 ||     1
    Use: Scroll            |       |       |    11 ||    11
         Potion            |       |       |     1 ||     1
   Stab: Sleeping          |     5 |     9 |     9 ||    23
 Armour: Skin              |    30 |    13 |    42 ||    85
  Dodge: Dodged            |    44 |    13 |    52 ||   109
  Block: Other             |     1 |     6 |    17 ||    24
         Reflection        |       |       |     1 ||     1

Table legend: (Time is in decaauts)
 A = Elapsed time spent in this place.
 B = Non-inter-level travel time spent in this place.
 C = Inter-level travel time spent in this place.
 D = Time resting spent in this place.
 E = Time spent auto-exploring this place.
 F = Levels seen in this place.
 G = Mean time per level.
                   A        B        C        D        E       F      G
               +--------+--------+--------+--------+--------+-----+--------+
         Total |   6866 |   6666 |    200 |     90 |   4936 |   9 |  762.9 |
       Dungeon |   6792 |   6619 |    173 |     90 |   4936 |   8 |  849.0 |
        Temple |     73 |     46 |     27 |      0 |      0 |   1 |   73.0 |
               +--------+--------+--------+--------+--------+-----+--------+

Top non-repeatable levels by time:
     D:6: 1289 daAuts
     D:4: 1068 daAuts
     D:2: 1066 daAuts
     D:1: 902 daAuts
     D:5: 866 daAuts
     D:3: 846 daAuts
     D:7: 748 daAuts
  Temple: 73 daAuts
     D:8: 4 daAuts
